 Dungeon Crawl Stone Soup version 0.23-a0-78-gc252fe1 (webtiles) character file.

122 eccles the Shield-Bearer (level 4, -4/44 HPs)
             Began as a Troll Fighter on Aug 10, 2018.
             Slain by an ogre
             ... wielding a +0 giant spiked club
              (20 damage)
             ... on level 4 of the Dungeon.
             The game lasted 00:13:24 (2121 turns).

eccles the Shield-Bearer (Troll Fighter)            Turns: 2121, Time: 00:13:25

Health: -4/44      AC:  5    Str: 24    XL:     4   Next: 78%
Magic:  3/3        EV:  9    Int:  4    God:
Gold:   187        SH:  9    Dex: 14    Spells: 3/3 levels left

rFire    . . .     SeeInvis .   a - +0 long sword
rCold    . . .     Gourm    +   c - +0 shield
rNeg     . . .     Faith    .   b - +0 robe
rPois    .         Spirit   .   (helmet restricted)
rElec    .         Reflect  .   (no cloak)
rCorr    .         Harm     .   (gloves unavailable)
MR       .....                  (boots unavailable)
Stlth    +.........             (no amulet)
HPRegen  0.54/turn              l - +4 ring of dexterity
MPRegen  0.08/turn              (no ring)

@: no status effects
A: large, unfitting armour, claws 3, fast metabolism 3, gourmand, regeneration
1, shaggy fur 1, tough skin 2
a: no special abilities


You were on level 4 of the Dungeon.
You were not hungry.

You visited 1 branch of the dungeon, and saw 4 of its levels.

You collected 187 gold pieces.

Inventory:

Hand Weapons
 a - a +0 long sword (weapon)
Armour
 b - a +0 robe (worn)
 c - a +0 shield (worn)
Jewellery
 g - an uncursed amulet of the gourmand
 l - a +4 ring of dexterity (left claw)
 s - a +1 ring of evasion {unknown}
Scrolls
 h - 2 scrolls of enchant armour {unknown}
 i - 2 scrolls of random uselessness {unknown}
 k - a scroll of teleportation {unknown}
 m - a scroll of enchant weapon {unknown}
 p - a scroll of amnesia {unknown}
Potions
 d - 2 potions of might
 e - 2 potions of heal wounds {unknown}
 j - a potion of brilliance {unknown}
 n - 2 potions of degeneration {unknown}
 o - a potion of curing {unknown}
 q - a potion of resistance {unknown}
 r - a potion of flight {unknown}
Comestibles
 f - 6 rations


   Skills:
 + Level 2.8 Fighting
 * Level 2.9 Long Blades
 + Level 2.8 Dodging
 + Level 0.3 Stealth
 + Level 3.0 Shields


You had 3 spell levels left.
You didn't know any spells.
Your spell library was empty.

Dungeon Overview and Level Annotations

Branches:
Dungeon (4/15)
 Temple: D:4-7

Altars:
Cheibriados
Dithmenos
Hepliaklqana
Uskayaw


Innate Abilities, Weirdness & Mutations

You are too large for most types of armour.
You have claws for hands.
Your metabolism is lightning-fast.
You like to eat raw meat.
Your natural rate of healing is unusually fast.
You are covered in fur. (AC +1)
You have very tough skin. (AC +2)


Message History

You open the door.
An ogre and a dart slug come into view.
The ogre shouts!
Found 21 stones.
A scorpion comes into view.
There is a stone staircase leading up here.
You barely miss the ogre.
The ogre hits you with a giant spiked club!!
You slash the ogre!
The ogre is heavily wounded.
The ogre closely misses you.
You barely miss the ogre.
The ogre is heavily wounded.
The ogre hits you with a giant spiked club!
* * * LOW HITPOINT WARNING * * *
The dart slug launches a dart at you. You block the slug dart.
You block the scorpion's attack.
The ogre hits you with a giant spiked club!!
You die...

.##.......##
...........## #.
.#########.<###.#
##'#.#.# ##...#.#
##...(.##
##.......##
#..sOw....#
+...@.....+
#.........#
##.......##
##.....## ##...##
##+##


You could see an ogre, a scorpion and a dart slug.

Vanquished Creatures
  Terence (D:3)
  4 adders
  An ooze (D:3)
  2 dart slugs
  3 leopard geckos
  An orc (D:3)
  3 giant cockroaches
  6 goblins
  A hobgoblin (D:1)
  2 quokkas
  2 ball pythons (D:2)
  9 bats
  6 frilled lizards
  6 kobolds
  6 rats
53 creatures vanquished.

Notes
Turn   | Place    | Note
-------+----------+-------------------------------------------
     0 | D:1      | eccles the Troll Fighter began the quest for the Orb.
     0 | D:1      | Reached XP level 1. HP: 22/22 MP: 0/0
   184 | D:1      | Reached XP level 2. HP: 29/29 MP: 1/1
   812 | D:2      | Reached XP level 3. HP: 35/36 MP: 2/2
  1344 | D:2      | Found a hide-covered altar of Uskayaw.
  1344 | D:2      | Found a snail-covered altar of Cheibriados.
  1414 | D:2      | Found a hazy altar of Hepliaklqana.
  1625 | D:3      | Noticed Terence
  1634 | D:3      | Killed Terence
  1634 | D:3      | Reached XP level 4. HP: 36/44 MP: 3/3
  1698 | D:3      | Reached skill level 3 in Shields
  1961 | D:3      | Found a shadowy altar of Dithmenos.
  2105 | D:4      | Noticed an ogre
  2121 | D:4      | Slain by an ogre

Vault maps used:
D:1:      nicolae_arrival_memento_mori
D:2:      old_standard_altar, gammafunk_temple_overflow_elements
D:3:      lemuel_coloured_pillars_altar, first_ration, minmay_tree_intersection,
          minivault_26, uniq_terence
D:4:      lemuel_doored_altar, uniq_duvessa

Skill      XL: |  1  2  3  4 |
---------------+-------------+-----
Long Blades    | 2 |  2.9
Shields        | 3 |  3.0
Fighting       | |  2.8
Dodging        | |  2.8
Stealth        | |  0.3

Action                   |  1- 3 |  4- 6 || total
-------------------------+-------+-------++-------
Melee: Long sword        |   133 |    57 ||   190
  Use: Scroll            |       |     2 ||     2
 Stab: Sleeping          |     1 |       ||     1
  Eat: Chunk             |    13 |     3 ||    16
       Ration            |     1 |       ||     1
Armor: Robe              |    50 |    23 ||    73
Dodge: Dodged            |    47 |    32 ||    79
Block: Shield            |    83 |    23 ||   106
       Rpst.: Long sword |    15 |    12 ||    27

Table legend:
 A = Non-vault XP
 B = Vault XP
 C = Vault XP percentage of total XP
 D = Non-vault monster count
 E = Vault monster count
 F = Vault count percentage of total count
 G = Total turns spent on level
                 A         B        C        D         E       F
            +---------+---------+-------+---------+---------+-------
      Total |     139 |      36 |  20.6 |      52 |       1 |   1.9
            +---------+---------+-------+---------+---------+-------
        D:1 |      34 |       0 |   0.0 |      20 |       0 |   0.0
        D:2 |      40 |       0 |   0.0 |      12 |       0 |   0.0
        D:3 |      65 |      36 |  35.6 |      20 |       1 |   4.8
            +---------+---------+-------+---------+---------+-------
